[Event "Titled Tuesday Blitz March 15 Late 2022"]
[White "Grischuk, Alexander"]
[Black "Martinez Alcantara, Jose Eduardo"]
[WhiteFideId "4126025"]
[BlackFideId "3805662"]
[WhiteElo "2762"]
[BlackElo "2690"]
[Result "0-1"]
[Round "11"]
[TimeControl "180+1"]
[Date "2022.03.15"]
[WhiteClock "0:00:03"]
[BlackClock "0:00:04"]

1. e4 c5 2. Nc3 e6 3. Nf3 Nc6 4. Bb5 Nge7 5. O-O a6 6. Bxc6 Nxc6 7. d4 cxd4 8. Nxd4 Be7 9. Nxc6 dxc6 10. e5 O-O 11. Qg4 f5 12. exf6 Bxf6 13. Rd1 Qe8 14. Ne4 e5 15. Qe2 Be6 16. b3 Qg6 17. Ba3 Rfd8 18. c4 Bf5 19. Nd6 e4 20. Rab1 Bg4 21. Qe3 Bxd1 22. Rxd1 Be7 23. c5 b6 24. Re1 Bxd6 25. cxd6 c5 26. h3 Rxd6 27. Bb2 Rad8 28. Qc3 Rf8 29. Qc4+ Qf7 30. Qc2 Re6 31. Re3 h5 32. h4 Kh7 33. Qe2 Qf5 34. a4 a5 35. Bc3 Rf7 36. Be1 Qg4 37. Qc4 Qf5 38. Qe2 Rfe7 39. Bc3 Rg6 40. g3 Rge6 41. Qc4 Rd7 42. Qe2 g6 43. Qa6 Rf7 44. Be1 g5 45. Qc4 gxh4 46. gxh4 Rg6+ 47. Kf1 Rgf6 48. Ke2 Qg4+ 49. Kd2 Rd7+ 50. Kc3 Rd3+ 51. Rxd3 exd3 52. Qxd3+ Qf5 53. Qd8 Qe5+ 54. Kc2 Qf5+ 55. Kb2 Rf8 56. Qe7+ Qf7 57. Qe5 Qf6 0-1


[Site "https://www.chess.com"]

[Event "Titled Tuesday Blitz March 15 Late 2022"]
[White "Hambleton, Aman"]
[Black "Batsiashvili, Nino"]
[WhiteFideId "2606577"]
[BlackFideId "13602993"]
[WhiteElo "2552"]
[BlackElo "2192"]
[Result "1-0"]
[Round "11"]
[TimeControl "180+1"]
[Date "2022.03.16"]
[WhiteClock "0:00:04"]
[BlackClock "0:00:41"]

1. d4 d5 2. Bf4 Nf6 3. e3 e6 4. Nf3 Bd6 5. Nbd2 c5 6. c3 Qc7 7. Bxd6 Qxd6 8. Ne5 Nfd7 9. f4 O-O 10. Bd3 f5 11. g4 cxd4 12. exd4 Qe7 13. O-O fxg4 14. Qxg4 Nf6 15. Qh4 Nc6 16. Nxc6 bxc6 17. Bxh7+ Kf7 18. Bd3 Bd7 19. Nf3 Ke8 20. Ne5 Rg8 21. Bh7 Nxh7 22. Qxh7 Qf8 23. f5 exf5 24. Ng6 Qf7 25. Rae1+ Kd8 26. Re7 Qxe7 27. Nxe7 Kxe7 28. Qg6 Rae8 29. Re1+ Kd8 30. Rxe8+ Rxe8 31. Qxg7 Kc8 32. h4 f4 33. h5 Bf5 34. Qf7 Bd7 35. h6 Re1+ 36. Kf2 Rh1 37. h7 Kc7 38. Qxf4+ Kb6 39. Qb8+ Ka6 40. h8=Q Rxh8 41. Qxh8 1-0


[Site "https://www.chess.com"]

[Event "Titled Tuesday Blitz March 15 Late 2022"]
[White "Hess, Max"]
[Black "Sinitsina, Anastassia"]
[WhiteFideId "24656666"]
[BlackFideId "4504640"]
[WhiteElo "2276"]
[BlackElo "2144"]
[Result "1-0"]
[Round "11"]
[TimeControl "180+1"]
[Date "2022.03.16"]
[WhiteClock "0:00:46"]
[BlackClock "0:00:59"]

1. e4 e5 2. Nf3 Nc6 3. Nc3 Nf6 4. Be2 Be7 5. O-O O-O 6. d4 exd4 7. Nxd4 Re8 8. Nf5 Bf8 9. Bg5 h6 10. Bh4 g5 11. Bg3 Nxe4 12. Nxe4 Rxe4 13. Bd3 Re8 14. Qh5 Qf6 15. f4 g4 16. Qxg4+ Kh8 17. Bh4 Qxb2 18. Rae1 Re6 19. Qh5 Nd8 20. Bxd8 1-0


[Site "https://www.chess.com"]

[Event "Titled Tuesday Blitz March 15 Late 2022"]
[White "Holt, Conrad"]
[Black "Deac, Bogdan-Daniel"]
[WhiteFideId "2034387"]
[BlackFideId "1226380"]
[WhiteElo "2586"]
[BlackElo "2646"]
[Result "0-1"]
[Round "11"]
[TimeControl "180+1"]
[Date "2022.03.15"]
[WhiteClock "0:00:05"]
[BlackClock "0:00:06"]

1. d4 Nf6 2. c4 g6 3. Nc3 d5 4. e3 Bg7 5. Qb3 c6 6. Nf3 O-O 7. Be2 a5 8. a4 e6 9. O-O Na6 10. Bd2 Nb4 11. Na2 Nxa2 12. Qxa2 Ne4 13. Be1 b6 14. Ne5 c5 15. Rd1 cxd4 16. exd4 Ba6 17. b3 Rc8 18. h3 Qd6 19. Nf3 Rfd8 20. Bd3 Bb7 21. Qe2 Qc6 22. c5 Qc7 23. cxb6 Qxb6 24. Bb5 Bc6 25. Ra1 Ra8 26. Bxc6 Qxc6 27. Qb5 Qc7 28. Rb1 Rdb8 29. Qd3 Rc8 30. Bd2 Qc2 31. Qe3 Nxd2 32. Nxd2 Rc3 33. Qf4 Qf5 34. Qxf5 gxf5 35. Nf3 Rb8 36. Rfc1 Rbxb3 37. Rxb3 Rxc1+ 38. Kh2 Bf6 39. Rb5 Rc4 40. Rxa5 Bxd4 41. Nxd4 Rxd4 42. Kg3 f4+ 43. Kg4 Kg7 44. Ra7 Kg6 45. a5 h5+ 46. Kf3 Ra4 47. h4 e5 48. Ke2 f6 49. Kd2 d4 50. a6 Ra2+ 51. Kd3 Kf5 52. Ra8 Rxf2 53. Kc4 Ra2 54. Kb5 d3 55. Rd8 Ke4 56. Kb6 Ke3 57. a7 d2 58. Kb7 Ke2 59. a8=Q Rxa8 60. Kxa8 d1=Q 61. Rxd1 Kxd1 62. Kb7 e4 0-1


[Site "https://www.chess.com"]

[Event "Titled Tuesday Blitz March 15 Late 2022"]
[White "Ibarra Jerez, Jose Carlos"]
[Black "Sarana, Alexey"]
[WhiteFideId "2226332"]
[BlackFideId "24133795"]
[WhiteElo "2626"]
[BlackElo "2666"]
[Result "1/2-1/2"]
[Round "11"]
[TimeControl "180+1"]
[Date "2022.03.15"]
[WhiteClock "0:00:26"]
[BlackClock "0:01:42"]

1. c4 e6 2. Nf3 d5 3. g3 c5 4. cxd5 exd5 5. d4 Nf6 6. Bg2 Nc6 7. O-O cxd4 8. Nxd4 Bc5 9. Nb3 Bb6 10. Nc3 d4 11. Na4 O-O 12. Nxb6 axb6 13. Bxc6 bxc6 14. Qxd4 Be6 15. Qxd8 Rfxd8 16. Bg5 c5 17. Rfd1 Rxd1+ 18. Rxd1 Ne4 19. Rd8+ Rxd8 20. Bxd8 b5 21. Bb6 c4 22. Nd4 Bd7 23. f3 Nd6 24. Bc5 Nf5 25. Nc2 g5 26. Kf2 f6 27. e4 Ng7 28. Ke3 Kf7 29. Bb4 h5 30. h4 Ne6 31. f4 gxh4 32. gxh4 f5 33. a3 fxe4 34. Kxe4 Ng7 35. Ne3 Kg6 36. Kd5 Nf5 37. Nxf5 Kxf5 38. Kd4 1/2-1/2


[Site "https://www.chess.com"]

[Event "Titled Tuesday Blitz March 15 Late 2022"]
[White "Indjic, Aleksandar"]
[Black "Xu, Yi"]
[WhiteFideId "911925"]
[BlackFideId "8605564"]
[WhiteElo "2616"]
[BlackElo "2471"]
[Result "1/2-1/2"]
[Round "11"]
[TimeControl "180+1"]
[Date "2022.03.15"]
[WhiteClock "0:00:39"]
[BlackClock "0:00:21"]

1. d4 Nf6 2. c4 e6 3. Nc3 Bb4 4. Qc2 d5 5. cxd5 exd5 6. Bg5 h6 7. Bh4 g5 8. Bg3 Nc6 9. e3 Ne4 10. Bd3 Bf5 11. Ne2 h5 12. h4 Nxg3 13. Nxg3 Bxd3 14. Qxd3 gxh4 15. Nf5 Qg5 16. Nxh4 Bxc3+ 17. bxc3 O-O-O 18. Qf5+ Qxf5 19. Nxf5 Rdg8 20. g3 Kd7 21. Ke2 Ne7 22. Nh4 Ng6 23. a4 a5 24. Nf3 b6 25. c4 dxc4 26. Rac1 f6 27. Rxc4 Ne7 28. e4 Re8 29. Kd3 c6 30. Rb1 Rb8 31. Rcc1 Rhc8 32. Nd2 b5 33. Nb3 bxa4 34. Nc5+ Kd6 35. Kc4 a3 36. f4 Ng6 37. e5+ fxe5 38. dxe5+ Ke7 39. Nd3 Ke6 40. Ra1 h4 41. gxh4 Rf8 42. Rf1 Nxf4 43. Rxf4 Rb4+ 44. Kc5 Rbxf4 45. Nxf4+ Rxf4 46. Rxa3 Rxh4 47. Rxa5 Re4 48. Kxc6 Rxe5 49. Rxe5+ Kxe5 1/2-1/2


[Site "https://www.chess.com"]

[Event "Titled Tuesday Blitz March 15 Late 2022"]
[White "Jaferian, Koosha"]
[Black "Morris-Suzuki, Sophie"]
[WhiteFideId "12507440"]
[BlackFideId "30922615"]
[WhiteElo "2030"]
[BlackElo "2477"]
[Result "0-1"]
[Round "11"]
[TimeControl "180+1"]
[Date "2022.03.15"]
[WhiteClock "0:00:03"]
[BlackClock "0:00:08"]

1. Nf3 c5 2. b3 b6 3. g3 Bb7 4. Bg2 e6 5. Bb2 d6 6. c4 Nf6 7. O-O Be7 8. d4 cxd4 9. Nxd4 Bxg2 10. Kxg2 Qc8 11. Nc3 Qb7+ 12. f3 a6 13. e4 Nbd7 14. Qe2 O-O 15. f4 Rfe8 16. g4 g6 17. g5 Nh5 18. h4 Bf8 19. Rad1 e5 20. Nd5 exd4 21. Bxd4 Bg7 22. Qb2 Rxe4 23. Bxg7 Nxg7 24. Qa3 Nf5 25. Kh3 Rae8 26. Qa4 b5 27. Qb4 Re3+ 28. Kh2 Re2+ 29. Kg1 Qa7+ 30. Kh1 Rxa2 31. Qc3 Ree2 32. Qh3 Qc5 33. Nc3 Rh2+ 34. Qxh2 Rxh2+ 35. Kxh2 bxc4 36. Ne4 Qe3 37. Rfe1 Qxf4+ 38. Kg1 Qg4+ 39. Kf2 Qxh4+ 40. Kg1 Qg4+ 41. Kf2 Qf4+ 42. Kg1 cxb3 43. Nc3 Qxg5+ 44. Kf2 Qf4+ 45. Ke2 Qb4 46. Nd5 Qc4+ 47. Kf2 b2 48. Ne3 Qc5 49. Rb1 Ne5 50. Rxb2 Nd3+ 51. Ke2 Qxe3+ 52. Kd1 Qxe1+ 53. Kc2 Nxb2 54. Kxb2 Qb4+ 0-1


[Site "https://www.chess.com"]

[Event "Titled Tuesday Blitz March 15 Late 2022"]
[White "Janaszak, Dawid"]
[Black "Lewtak, Damian"]
[WhiteFideId "1119206"]
[BlackFideId "1141724"]
[WhiteElo "2199"]
[BlackElo "2362"]
[Result "1/2-1/2"]
[Round "11"]
[TimeControl "180+1"]
[Date "2022.03.16"]
[WhiteClock "0:00:11"]
[BlackClock "0:00:41"]

1. e4 c5 2. Nc3 d6 3. f4 Nc6 4. Nf3 Bg4 5. Bc4 e6 6. O-O Nf6 7. h3 Bxf3 8. Qxf3 Nd4 9. Qd1 d5 10. exd5 exd5 11. Be2 Be7 12. d3 O-O 13. Bf3 Qd7 14. g4 Nxf3+ 15. Qxf3 d4 16. Ne4 Nxe4 17. dxe4 c4 18. e5 Bc5 19. Kg2 d3 20. cxd3 Qxd3 21. Rd1 Qc2+ 22. Rd2 Qg6 23. f5 Qb6 24. f6 Rfd8 25. Rc2 Bd4 26. Bf4 gxf6 27. exf6 Qxf6 28. Rxc4 Bxb2 29. Rb1 Rac8 30. g5 Qb6 31. Rxc8 Rxc8 32. Qe4 Qd4 33. Qxd4 Bxd4 34. Rxb7 Rc2+ 35. Kf3 Rxa2 36. Ke4 Ra4 37. Kf5 Kg7 38. h4 Ra5+ 39. Kg4 Be5 40. Be3 Ra4+ 41. Kf5 Ra5 42. Kg4 Ra4+ 43. Kf5 Ra5 44. Kg4 1/2-1/2


[Site "https://www.chess.com"]

[Event "Titled Tuesday Blitz March 15 Late 2022"]
[White "Janturin, Artur"]
[Black "Hirneise, Jens"]
[WhiteFideId "4130022"]
[BlackFideId "24614734"]
[WhiteElo "2378"]
[BlackElo "2359"]
[Result "0-1"]
[Round "11"]
[TimeControl "180+1"]
[Date "2022.03.16"]
[WhiteClock "0:00:04"]
[BlackClock "0:01:04"]

1. b3 d5 2. Bb2 Bf5 3. e3 e6 4. g4 Bg6 5. h4 h5 6. g5 Ne7 7. Bg2 c5 8. d3 Nbc6 9. Nd2 Qc7 10. Ne2 Bf5 11. Ng3 Bg4 12. Bf3 Ne5 13. Bxg4 hxg4 14. Rc1 Nf5 15. Bxe5 Qxe5 16. Qxg4 Bd6 17. Nxf5 exf5 18. Qf3 O-O-O 19. h5 f4 20. e4 f5 21. gxf6 gxf6 22. Kf1 Qb2 23. Rd1 Qxc2 24. exd5 Be5 25. Nc4 Rxd5 26. Qxd5 Qxd1+ 27. Kg2 f3+ 28. Qxf3 Rg8+ 29. Kh3 Qxf3+ 0-1


[Site "https://www.chess.com"]

[Event "Titled Tuesday Blitz March 15 Late 2022"]
[White "Jeet, Jain"]
[Black "Risteski, Emil"]
[WhiteFideId "5073022"]
[BlackFideId "15005267"]
[WhiteElo "2085"]
[BlackElo "2070"]
[Result "0-1"]
[Round "11"]
[TimeControl "180+1"]
[Date "2022.03.15"]
[WhiteClock "0:00:42"]
[BlackClock "0:00:57"]

1. d4 d6 2. Nf3 Nd7 3. Bf4 g6 4. e3 Bg7 5. h3 e5 6. Bh2 Nh6 7. c4 O-O 8. Nc3 f5 9. dxe5 dxe5 10. e4 f4 11. g3 c6 12. Qd2 fxg3 13. Bxg3 Rxf3 14. Be2 Rf8 15. O-O-O Nf7 16. Kb1 Qe7 17. h4 Nc5 18. h5 g5 19. Qe3 h6 20. f3 Ne6 21. Bf2 Nd4 22. Bf1 Be6 23. b3 a5 24. Rg1 a4 25. Nxa4 Rxa4 26. bxa4 Qb4+ 27. Kc1 Qxa4 28. Rd2 Bxc4 29. Qc3 Nd6 30. Bxd4 exd4 31. Rxd4 Bxd4 32. Qxd4 Qa3+ 33. Kd1 Qxf3+ 34. Kc1 Qf4+ 35. Kb2 Bxf1 0-1


[Site "https://www.chess.com"]

[Event "Titled Tuesday Blitz March 15 Late 2022"]
[White "Kadam, Om Manish"]
[Black "Donchenko, Alexander"]
[WhiteFideId "45076294"]
[BlackFideId "24603295"]
[WhiteElo "1729"]
[BlackElo "2539"]
[Result "0-1"]
[Round "11"]
[TimeControl "180+1"]
[Date "2022.03.16"]
[WhiteClock "0:00:06"]
[BlackClock "0:01:17"]

1. e4 e6 2. d4 d5 3. exd5 exd5 4. Nf3 Bd6 5. Bd3 Ne7 6. O-O Nbc6 7. c3 Bf5 8. Re1 Qd7 9. Bxf5 Qxf5 10. Nbd2 O-O-O 11. Nf1 h5 12. b4 f6 13. a4 g5 14. a5 Nb8 15. b5 a6 16. Ba3 Qd7 17. Bxd6 Qxd6 18. bxa6 Nxa6 19. Qe2 Nf5 20. Qd3 Qd7 21. Reb1 g4 22. N3d2 h4 23. Rb2 g3 24. Rab1 gxf2+ 25. Kxf2 Nd6 26. Rxb7 Qf5+ 27. Qxf5+ Nxf5 28. Ra7 Nb8 29. Rb5 Nd6 30. Rc5 c6 31. Ne3 Nb7 32. Nf5 Rd7 33. Rxb7 Kxb7 34. a6+ Kb6 35. Nb3 Nxa6 36. Ra5 Ra7 37. Ra2 Nc7 38. Rb2 Nb5 39. Nc5 h3 40. g3 Rha8 41. Kf3 Ra2 42. Rb3 R8a3 43. Ne3 Rxb3 44. Nxb3 Rxh2 45. c4 Rb2 46. c5+ Kc7 0-1


[Site "https://www.chess.com"]

[Event "Titled Tuesday Blitz March 15 Late 2022"]
[White "Kosteniuk, Alexandra"]
[Black "Chigaev, Maksim"]
[WhiteFideId "4128125"]
[BlackFideId "4108116"]
[WhiteElo "2469"]
[BlackElo "2502"]
[Result "1-0"]
[Round "11"]
[TimeControl "180+1"]
[Date "2022.03.15"]
[WhiteClock "0:00:08"]
[BlackClock "0:00:01"]

1. e4 c5 2. c3 d5 3. exd5 Nf6 4. Qa4+ Nbd7 5. c4 b5 6. Qxb5 Rb8 7. Qa4 e6 8. Nc3 Bd6 9. Nf3 O-O 10. dxe6 fxe6 11. Bd3 Bb7 12. Be2 Ng4 13. d3 Nde5 14. Ne4 Nxf3+ 15. Bxf3 Rxf3 16. gxf3 Ne5 17. Qd1 Bc7 18. Ke2 Qh4 19. Rg1 Nxf3 20. Be3 Bxe4 21. dxe4 Nxg1+ 22. Qxg1 Rxb2+ 23. Kf3 Qf6+ 24. Kg2 Qg6+ 25. Kf3 Qxg1 26. Rxg1 Bxh2 27. Rd1 Rxa2 28. Rd8+ Kf7 29. Rd7+ Kg6 30. Bxc5 a5 31. Bd4 e5 32. Be3 a4 33. Ra7 Bf4 34. Bxf4 exf4 35. c5 h5 36. c6 Kh6 37. Kxf4 Rxf2+ 38. Ke5 Rc2 39. Kd6 h4 40. Rxa4 g5 41. e5 h3 42. e6 h2 43. Ra1 Rd2+ 44. Ke7 Rc2 45. Kd7 Rd2+ 46. Ke7 Rc2 47. Kd7 g4 48. e7 Rd2+ 49. Ke8 g3 50. c7 Rc2 51. Kf8 Rf2+ 52. Kg8 g2 53. Ra6+ Kh5 54. Ra5+ Kh4 55. Ra4+ Kg5 56. e8=Q g1=Q 57. c8=Q Kh6+ 58. Rg4 h1=Q 59. Qce6+ Rf6 60. Qxf6# 1-0


[Site "https://www.chess.com"]

[Event "Titled Tuesday Blitz March 15 Late 2022"]
[White "Kovanova, Baira"]
[Black "Hess, Robert"]
[WhiteFideId "4164083"]
[BlackFideId "2022036"]
[WhiteElo "2190"]
[BlackElo "2557"]
[Result "0-1"]
[Round "11"]
[TimeControl "180+1"]
[Date "2022.03.15"]
[WhiteClock "0:00:11"]
[BlackClock "0:00:06"]

1. e4 g6 2. d4 Bg7 3. Nf3 a6 4. Bd3 d6 5. c3 h6 6. O-O Nd7 7. Re1 e6 8. Nbd2 Ne7 9. Nf1 b6 10. Ng3 Bb7 11. Bc2 e5 12. Be3 Nc6 13. Qd2 Nf6 14. h3 Qe7 15. Rad1 O-O-O 16. b4 Kb8 17. c4 exd4 18. Nxd4 Ne5 19. Qe2 Rhe8 20. c5 dxc5 21. bxc5 b5 22. a4 c6 23. axb5 axb5 24. Bb3 Nfd7 25. Nxb5 Nxc5 26. Nd4 Rxd4 27. Bxd4 Nxb3 28. Bb2 Qc5 29. Rb1 Nd4 30. Bxd4 Qxd4 31. Qa2 Qa7 32. Qb3 Rd8 33. Ra1 Qc5 34. Reb1 Rd7 35. Qa4 Kc8 36. Rc1 Qd4 37. Qb3 Nd3 38. Rc2 Qxa1+ 39. Kh2 Qe5 40. Rd2 Nc5 41. Qc2 Rxd2 42. Qxd2 Nxe4 43. Qe2 Nxg3 44. Qxe5 Nf1+ 45. Kg1 Bxe5 46. Kxf1 Ba6+ 47. Ke1 c5 48. Kd1 Bf1 0-1


[Site "https://www.chess.com"]

[Event "Titled Tuesday Blitz March 15 Late 2022"]
[White "Kubicka, Anna"]
[Black "Meduri, Aakaash"]
[WhiteFideId "1152254"]
[BlackFideId "2032252"]
[WhiteElo "2000"]
[BlackElo "2096"]
[Result "1-0"]
[Round "11"]
[TimeControl "180+1"]
[Date "2022.03.16"]
[WhiteClock "0:00:16"]
[BlackClock "0:00:02"]

1. e4 c5 2. Ne2 Nc6 3. g3 h5 4. Bg2 h4 5. d4 cxd4 6. Nxd4 h3 7. Bf3 Nf6 8. Nc3 e5 9. Nf5 d6 10. Ne3 Be6 11. Ned5 Be7 12. Be3 Rc8 13. O-O Qd7 14. Qd2 Na5 15. b3 Nc6 16. Rad1 Rd8 17. a3 Ng4 18. Nb5 Nxe3 19. fxe3 O-O 20. Qf2 a6 21. Nb6 axb5 22. Nxd7 Rxd7 23. Qe2 b4 24. a4 Rc8 25. Bg4 Nd8 26. Bxe6 Nxe6 27. Rf2 Rdc7 28. Rd2 Ng5 29. Qg4 Rc3 30. Rf5 f6 31. Rxg5 fxg5 32. Qxh3 Rf8 33. Qe6+ Rf7 34. Rf2 1-0


[Site "https://www.chess.com"]

[Event "Titled Tuesday Blitz March 15 Late 2022"]
[White "Kucuksari, Kaan"]
[Black "Kamsky, Gata"]
[WhiteFideId "6380166"]
[BlackFideId "2000024"]
[WhiteElo "2305"]
[BlackElo "2645"]
[Result "1/2-1/2"]
[Round "11"]
[TimeControl "180+1"]
[Date "2022.03.15"]
[WhiteClock "0:00:07"]
[BlackClock "0:01:05"]

1. d4 g6 2. c4 Bg7 3. Nf3 Nf6 4. g3 O-O 5. Bg2 c6 6. O-O d5 7. b3 Ne4 8. Bb2 Bf5 9. Nbd2 Qa5 10. Nxe4 Bxe4 11. Qd2 Qxd2 12. Nxd2 Bxg2 13. Kxg2 Rd8 14. Rfd1 c5 15. cxd5 Rxd5 16. Nf3 Na6 17. Rd2 Rad8 18. Rad1 f5 19. Bc3 Bf6 20. dxc5 Rxd2 21. Rxd2 Rxd2 22. Bxd2 Nxc5 23. Be3 Ne4 24. Bxa7 Nc3 25. Bd4 Nxa2 26. Bxf6 exf6 27. Nd4 Nc3 28. Kf3 Kf7 29. Ke3 Nd1+ 30. Kf3 Ke7 31. e3 Nc3 32. g4 fxg4+ 33. Kxg4 Kd6 34. h4 Kc5 35. h5 gxh5+ 36. Kxh5 Nd1 37. Kh6 Nxf2 38. Kxh7 Ng4 39. Kg6 Nxe3 40. Ne6+ Kb4 41. Kxf6 b6 42. Nc7 Kxb3 43. Na8 Nd5+ 44. Ke5 Kc4 45. Nxb6+ 1/2-1/2


[Site "https://www.chess.com"]

[Event "Titled Tuesday Blitz March 15 Late 2022"]
[White "Kujawski, Adam"]
[Black "Mikhalsky, Vladimir"]
[WhiteFideId "1100920"]
[BlackFideId "14144352"]
[WhiteElo "2053"]
[BlackElo "2301"]
[Result "1-0"]
[Round "11"]
[TimeControl "180+1"]
[Date "2022.03.16"]
[WhiteClock "0:00:05"]
[BlackClock "0:00:01"]

1. e4 g6 2. d4 Bg7 3. Nc3 d6 4. h3 Nd7 5. Nf3 e5 6. Bc4 Ngf6 7. dxe5 dxe5 8. Be3 O-O 9. Qd2 Nb6 10. Bb3 Qxd2+ 11. Nxd2 c6 12. O-O-O Nh5 13. Nc4 Nxc4 14. Bxc4 Nf4 15. Rhg1 Be6 16. Bxe6 Nxe6 17. Rd7 b6 18. g3 Nd4 19. Rd1 Rfd8 20. Rxd8+ Rxd8 21. Rd2 Kf8 22. Ne2 Ke7 23. c3 Nf3 24. Rxd8 Kxd8 25. a4 f5 26. a5 Kc7 27. c4 Bf8 28. Kc2 Bb4 29. axb6+ axb6 30. Nc1 Ng1 31. h4 Bd6 32. Kd3 f4 33. Bd2 Nh3 34. gxf4 Nxf2+ 35. Ke3 Ng4+ 36. Kf3 h5 37. f5 gxf5 38. exf5 Kd7 39. Ne2 Nf6 40. Ng3 Ke7 41. Bg5 Kf7 42. Ne4 Nxe4 43. Kxe4 Bc7 44. b3 Bd6 45. Be3 Bc7 46. Bf2 Kf6 47. Bg3 b5 48. cxb5 cxb5 49. Bh2 Bb8 50. Bg3 Bc7 51. Be1 Bb8 52. Bd2 Bc7 53. Bg5+ Kf7 54. Kd5 Bb8 55. Bd8 Ke8 56. Bb6 Kd7 57. Bf2 Bc7 58. Bg3 1-0


[Site "https://www.chess.com"]

[Event "Titled Tuesday Blitz March 15 Late 2022"]
[White "Lazavik, Denis"]
[Black "Pichot, Alan"]
[WhiteFideId "13515110"]
[BlackFideId "110973"]
[WhiteElo "2437"]
[BlackElo "2579"]
[Result "1-0"]
[Round "11"]
[TimeControl "180+1"]
[Date "2022.03.15"]
[WhiteClock "0:00:06"]
[BlackClock "0:00:07"]

1. d4 Nf6 2. c4 e6 3. Nf3 d5 4. g3 Be7 5. Bg2 O-O 6. O-O dxc4 7. Qc2 a6 8. a4 c5 9. dxc5 Bxc5 10. Qxc4 b6 11. Ne5 Ra7 12. Nc3 Bb7 13. Nd3 Bd6 14. Rd1 Qe7 15. Bxb7 Rxb7 16. Bg5 Rd8 17. Ne4 Rbd7 18. Rac1 Be5 19. Qb3 Bd4 20. e3 h6 21. Bxf6 Bxf6 22. Qxb6 Rb7 23. Nxf6+ gxf6 24. Qa5 Rbd7 25. Rc3 Rd5 26. Qb6 Nd7 27. Qc7 Qf8 28. Rdc1 Rb8 29. Nf4 Rd2 30. R3c2 Rxc2 31. Rxc2 Ne5 32. Nh5 Nf3+ 33. Kh1 Rd8 34. Nxf6+ Kg7 35. Nh5+ Kh7 36. Rc1 Rd2 37. Kg2 Ng5 38. Qc6 Qd8 39. h4 Rxf2+ 40. Kxf2 Qd2+ 41. Kf1 Nh3 42. Qc2+ 1-0


[Site "https://www.chess.com"]

[Event "Titled Tuesday Blitz March 15 Late 2022"]
[White "Le Goff, Ronan"]
[Black "Ambartsumova, Karina"]
[WhiteFideId "612073"]
[BlackFideId "4166299"]
[WhiteElo "2276"]
[BlackElo "2262"]
[Result "1-0"]
[Round "11"]
[TimeControl "180+1"]
[Date "2022.03.15"]
[WhiteClock "0:00:22"]
[BlackClock "0:00:04"]

1. d4 Nf6 2. Nf3 g6 3. Nc3 d5 4. Bf4 Bg7 5. Nb5 Na6 6. e3 O-O 7. h3 c6 8. Nc3 Nb8 9. Bd3 Nbd7 10. O-O b6 11. e4 dxe4 12. Nxe4 Bb7 13. c3 c5 14. Nxf6+ Bxf6 15. Bh6 Re8 16. Bb5 a6 17. Ba4 b5 18. Bb3 c4 19. Bc2 e5 20. dxe5 Nxe5 21. Nxe5 Bxe5 22. Qg4 Qb6 23. Rfe1 Bg7 24. Bxg7 Kxg7 25. Rad1 Rxe1+ 26. Rxe1 Qd6 27. Be4 Re8 28. Rd1 Qb6 29. Bxb7 Qxb7 30. Rd7 Qb6 31. Qf4 Re1+ 32. Kh2 Qe6 33. Rd6 Qe5 34. Qxe5+ Rxe5 35. Rxa6 Re2 36. a4 Rxb2 37. axb5 Rxb5 38. Rc6 Rb2 39. Kg3 Rc2 40. Rxc4 h5 41. h4 Kf6 42. f3 Ke6 43. Rc6+ Kf5 44. c4 Ke5 45. Rc7 Ke6 46. c5 f6 47. Rc8 Kf5 48. c6 Rc1 49. Kh3 Rc3 50. Kh2 Kf4 51. c7 Kf5 52. Kg1 Rc2 53. Kf1 Kf4 54. Rf8 Rxc7 55. Rxf6+ Kg3 56. Rxg6+ Kxh4 57. Kg1 1-0


[Site "https://www.chess.com"]

[Event "Titled Tuesday Blitz March 15 Late 2022"]
[White "Lock, Gavin R"]
[Black "Jarocka, Liwia"]
[WhiteFideId "408646"]
[BlackFideId "21807558"]
[WhiteElo "2104"]
[BlackElo "1896"]
[Result "0-1"]
[Round "11"]
[TimeControl "180+1"]
[Date "2022.03.16"]
[WhiteClock "0:00:02"]
[BlackClock "0:00:37"]

1. d4 c5 2. d5 d6 3. e4 e6 4. Nc3 exd5 5. Nxd5 Nf6 6. Nf3 Nxd5 7. Qxd5 Nc6 8. Bc4 Be6 9. Qd3 Bxc4 10. Qxc4 Be7 11. O-O O-O 12. Bf4 Qc8 13. Rad1 Rd8 14. Rfe1 Qe6 15. Qd5 h6 16. c3 Rac8 17. h3 Bf8 18. Re2 b5 19. Qxe6 fxe6 20. Red2 e5 21. Be3 Re8 22. Nh4 Nd8 23. Nf5 Nf7 24. g4 g6 25. Ng3 Kg7 26. Rd5 Rb8 27. Kg2 b4 28. c4 a5 29. f3 a4 30. h4 Nd8 31. h5 Nb7 32. hxg6 Kxg6 33. Nf5 b3 34. a3 Na5 35. Rc1 Re6 36. Rd2 Nc6 37. Kg3 Rd8 38. Rh1 Na5 39. Rc1 Bg7 40. Rh2 Rh8 41. Bd2 Nb7 42. Rch1 Nd8 43. Bxh6 Bxh6 44. Rxh6+ Rxh6 45. Rxh6+ Kf7 46. Rxe6 Kxe6 47. g5 Nc6 48. Kg4 Na5 49. Ne3 Kf7 50. Kf5 Nc6 51. g6+ Kg7 52. Ke6 Nd4+ 53. Kxd6 Nxf3 54. Kxc5 Nd2 55. Kd5 Kxg6 56. c5 Kf7 57. Kxe5 Ke7 58. Kd5 Kd7 59. e5 Kc7 60. e6 Nf3 61. Nc4 Nh4 62. Nb6 Nf5 63. Nxa4 Ne3+ 0-1


[Site "https://www.chess.com"]

[Event "Titled Tuesday Blitz March 15 Late 2022"]
[White "Mangialardo, Tiago Carvalho"]
[Black "Kostiukov, Alexandr"]
[WhiteFideId "2130718"]
[BlackFideId "14108100"]
[WhiteElo "2092"]
[BlackElo "2202"]
[Result "0-1"]
[Round "11"]
[TimeControl "180+1"]
[Date "2022.03.16"]
[WhiteClock "0:00:01"]
[BlackClock "0:00:07"]

1. e4 c5 2. Nf3 g6 3. d4 cxd4 4. Qxd4 Nf6 5. Qa4 Nc6 6. Nc3 Bg7 7. e5 Ng8 8. Bf4 f6 9. exf6 Nxf6 10. Bc4 d5 11. O-O-O e6 12. Nxd5 exd5 13. Rhe1+ Kf8 14. Bxd5 Nxd5 15. c4 Qf6 16. Qa3+ Ndb4 17. Bd6+ Kg8 18. Bxb4 Nxb4 19. Qxb4 Bf5 20. Qxb7 Rc8 21. Rd4 h5 22. h3 Kh7 23. g4 hxg4 24. hxg4 Be6 25. Rh1+ Kg8 26. Rxh8+ Kxh8 27. g5 Qxf3 0-1


[Site "https://www.chess.com"]

[Event "Titled Tuesday Blitz March 15 Late 2022"]
[White "Marson, Juan Miguel"]
[Black "Araujo Filho, Luiz Antonio Coel"]
[WhiteFideId "106585"]
[BlackFideId "2130661"]
[WhiteElo "2053"]
[BlackElo "2231"]
[Result "1-0"]
[Round "11"]
[TimeControl "180+1"]
[Date "2022.03.16"]
[WhiteClock "0:00:22"]
[BlackClock "0:00:24"]

1. e4 c6 2. d4 d5 3. e5 Bf5 4. h4 h5 5. c4 e6 6. Nc3 Nd7 7. cxd5 cxd5 8. Bg5 Qb6 9. Bb5 Ne7 10. Bxd7+ Kxd7 11. Nge2 Nc6 12. Qd2 Rc8 13. O-O Na5 14. Rfc1 Bb4 15. Qf4 Nc4 16. Nxd5 Qb5 17. Nxb4 Qxb4 18. d5 a5 19. dxe6+ fxe6 20. Qd4+ Ke8 21. Rd1 Kf7 22. Qd7+ Kg6 23. Nf4+ Kh7 24. Nxh5 Kg6 25. Nf4+ Kh7 26. Nd5 Qxb2 27. Nf6+ Kg6 28. h5+ Kxg5 29. Qxg7+ Kf4 30. Qg3# 1-0


[Site "https://www.chess.com"]

[Event "Titled Tuesday Blitz March 15 Late 2022"]
[White "Matinian, Nikita"]
[Black "Roberson, Peter T"]
[WhiteFideId "24129100"]
[BlackFideId "412384"]
[WhiteElo "2422"]
[BlackElo "2346"]
[Result "1-0"]
[Round "11"]
[TimeControl "180+1"]
[Date "2022.03.15"]
[WhiteClock "0:02:04"]
[BlackClock "0:02:14"]

1. e4 e5 2. Bc4 Nf6 3. d3 Bc5 4. Nc3 O-O 5. Bg5 h6 6. Bh4 Be7 7. Nge2 c6 8. Bb3 Na6 9. Rg1 Nc5 10. g4 Nh7 11. Bxe7 Qxe7 12. Ng3 d6 13. Nf5 Qf6 14. Qe2 a5 15. a4 Nxb3 16. cxb3 Ng5 17. h4 Nh3 18. Rh1 Nf4 19. Qf3 Qe6 20. g5 h5 21. Ne2 Qxb3 22. Nxf4 exf4 23. Ne7+ Kh8 24. Qxh5# 1-0


[Site "https://www.chess.com"]